AoeStats
← sightlaber

Black Forest

504744747Analyzed
4v4 RM · 27d ago on Sep 6, 2026· 146m 48s· 8 players
Game mode
Random Map
Map size
Large (8 player)
Population
200
Speed
Normal
Resources
Standard
Victory
Conquest
Starting age
Dark Age
Ending age
Imperial Age
RankedLock teamsTeams togetherTeam positionsShared explorationLock speedFull tech treeHidden civsTurbo modeCheats
Victory
Defeat
🇺🇸 Burgundians · United States
808
+13
🇨🇭 Romans · Switzerland
791
+13
🇨🇳 Franks · China
721
+16
🇨🇭 Britons · Switzerland
696
+17
🇹🇷 Burmese · Türkiye
804
-33
🇹🇷 Lithuanians · Türkiye
747
-16
🇹🇷 Huns · Türkiye
704
-14
🇹🇷 Persians · Türkiye
656
-12
madnessss86
0:51 Loom
17:56 Feudal Age
24:32 Castle Age
25:23 Double-Bit Axe
25:46 Fletching
25:57 Padded Archer Armor
26:45 Horse Collar
27:33 Fortified Wall
28:28 Masonry
28:26 Town Watch
35:33 Imperial Age
37:06 Conscription
38:03 Chemistry
37:35 Architecture
38:04 Caravan
38:22 Gold Mining
38:23 Stone Mining
38:57 Bow Saw
41:09 Warwolf
42:04 Elite Longbowman
43:18 Town Patrol
45:39 Wheelbarrow
45:57 Heavy Plow
47:02 Two-Man Saw
47:17 Gold Shaft Mining
48:38 Bodkin Arrow
49:00 Leather Archer Armor
48:46 Scale Mail Armor
48:58 Forging
48:54 Scale Barding Armor
50:42 Elite Skirmisher
51:28 Squires
51:14 Gambesons
66:17 Crossbowman
68:00 Arbalester
94:05 Ring Archer Armor
94:13 Bracer
103:32 Hand Cart
105:00 Coinage
106:50 Banking
106:55 Yeomen
107:37 Capped Ram
109:09 Iron Casting
108:51 Chain Mail Armor
108:57 Chain Barding Armor
114:14 Plate Barding Armor
114:11 Plate Mail Armor
114:42 Blast Furnace
120:43 Pikeman
121:37 Halberdier
129:42 Man-at-Arms
brad
6:12 Loom
15:03 Feudal Age
13:53 Gold Mining
14:00 Double-Bit Axe
13:58 Horse Collar
15:23 Stone Mining
17:09 Wheelbarrow
18:06 Feudal Age
22:46 Bow Saw
22:36 Heavy Plow
25:58 Castle Age
24:41 Gold Shaft Mining
24:42 Stone Shaft Mining
24:35 Hand Cart
26:22 Castle Age
25:01 Scale Barding Armor
25:06 Forging
24:52 Fletching
27:41 Cavalier
28:21 Husbandry
28:45 Chain Barding Armor
29:00 Iron Casting
31:06 Two-Man Saw
36:48 Imperial Age
34:05 Town Watch
35:22 Burgundian Vineyards
37:17 Paladin
39:04 Blast Furnace
39:46 Plate Barding Armor
40:45 Bodkin Arrow
40:54 Scale Mail Armor
42:42 Chemistry
42:04 Ballistics
41:55 Fortified Wall
41:32 Treadmill Crane
41:49 Murder Holes
42:57 Caravan
55:42 Padded Archer Armor
55:43 Bracer
55:58 Chain Mail Armor
59:48 Leather Archer Armor
60:04 Plate Mail Armor
79:36 Squires
81:13 Elite Skirmisher
88:47 Crop Rotation
87:45 Pikeman
88:10 Arson
95:45 Halberdier
116:20 Guilds
MuchJaguar3116
0:39 Loom
14:09 Feudal Age
14:48 Double-Bit Axe
18:38 Castle Age
17:13 Stone Mining
19:02 Horse Collar
20:30 Bow Saw
22:57 Fervor
24:40 Gold Mining
28:25 Wheelbarrow
28:57 Gold Shaft Mining
31:50 Imperial Age
29:25 Town Watch
29:55 Caravan
30:24 Murder Holes
30:40 Masonry
30:52 Ballistics
31:45 Scale Barding Armor
31:40 Scale Mail Armor
31:51 Forging
31:32 Fletching
31:44 Padded Archer Armor
32:09 Hand Cart
31:29 Man-at-Arms
31:29 Pikeman
32:10 Squires
31:52 Crossbowman
31:54 Elite Skirmisher
33:53 Chemistry
33:04 Fortified Wall
33:04 Heavy Plow
34:15 Comitatenses
33:18 Long Swordsman
34:18 Elite Centurion
35:59 Chain Barding Armor
35:55 Chain Mail Armor
35:55 Leather Archer Armor
36:23 Crop Rotation
36:19 Leather Archer Armor
36:15 Ballistas
36:33 Town Patrol
36:44 Husbandry
36:55 Bloodlines
37:37 Heavy Scorpion
39:12 Architecture
38:43 Bodkin Arrow
39:34 Iron Casting
40:25 Legionary
40:26 Halberdier
41:21 Sappers
42:11 Conscription
41:24 Crossbowman
50:22 Siege Engineers
50:54 Plate Barding Armor
50:50 Ring Archer Armor
51:20 Blast Furnace
85:05 Guilds
85:26 Coinage
139:16 Banking
139:42 Spies/Treason
顺风打工人
sightlaber
12:06 Feudal Age
16:04 Castle Age
14:45 Horse Collar
19:40 Heavy Plow
22:07 Wheelbarrow
24:53 Hand Cart
30:52 Imperial Age
31:15 Forging
31:05 Scale Mail Armor
30:59 Arson
31:15 Squires
31:00 Gambesons
30:39 Man-at-Arms
30:40 Pikeman
32:48 Iron Casting
32:14 Gold Mining
32:36 Caravan
33:31 Gold Shaft Mining
33:24 Guilds
33:11 Long Swordsman
35:32 Crop Rotation
35:22 Chain Mail Armor
36:08 Blast Furnace
34:36 Two-Handed Swordsman
37:36 Loom
39:26 Plate Mail Armor
38:19 Halberdier
38:20 Champion
Herrhosen
7:35 Loom
10:05 Feudal Age
10:42 Double-Bit Axe
11:27 Horse Collar
12:36 Gold Mining
19:31 Forging
19:51 Bloodlines
20:18 Arson
22:07 Scale Barding Armor
24:54 Castle Age
23:32 Stone Mining
24:41 Wheelbarrow
26:14 Heavy Plow
26:53 Stone Shaft Mining
26:27 Light Cavalry
27:42 Caravan
29:44 Husbandry
30:07 Chain Barding Armor
30:26 Iron Casting
30:50 Fletching
31:38 Herbal Medicine
32:18 Murder Holes
35:43 Imperial Age
34:04 Ballistics
34:03 Masonry
34:07 Devotion
35:03 Bow Saw
37:10 Crop Rotation
39:03 Conscription
39:09 Hand Cart
38:36 Winged Hussar
42:20 Chemistry
41:40 Ballistics
41:53 Architecture
42:02 Plate Barding Armor
41:24 Bodkin Arrow
42:31 Cavalier
43:40 Guilds
43:53 Bracer
44:38 Paladin
46:05 Coinage
50:57 Two-Man Saw
53:44 Treadmill Crane
68:59 Tower Shields
68:23 Elite Leitis
76:27 Squires
75:48 Pikeman
77:53 Halberdier
79:08 Town Watch
85:25 Town Patrol
92:48 Scale Mail Armor
107:12 Chain Mail Armor
Herun
5:56 Loom
13:18 Feudal Age
14:12 Horse Collar
15:19 Double-Bit Axe
18:46 Wheelbarrow
22:40 Castle Age
22:15 Gold Mining
22:16 Stone Mining
23:27 Heavy Plow
23:41 Bow Saw
30:22 Hand Cart
30:12 Fletching
30:23 Padded Archer Armor
30:57 Caravan
31:28 Coinage
34:06 Bodkin Arrow
34:27 Leather Archer Armor
35:50 Gold Shaft Mining
35:50 Town Watch
36:37 Thumb Ring
37:11 Forging
37:07 Scale Barding Armor
40:42 Imperial Age
39:19 Ballistics
40:13 Masonry
39:59 Murder Holes
40:45 Chain Barding Armor
41:01 Iron Casting
40:31 Husbandry
40:47 Bloodlines
42:44 Town Patrol
43:20 Marauders
44:23 Elite Tarkan
46:37 Banking
46:18 Guilds
46:10 Bracer
47:10 Blast Furnace
46:46 Plate Barding Armor
47:14 Chemistry
57:12 Scale Mail Armor
59:59 Chain Mail Armor
109:32 Heavy Cavalry Archer
110:40 Parthian Tactics
HAROSEN
15:23 Feudal Age
15:40 Horse Collar
16:38 Wheelbarrow
15:51 Double-Bit Axe
23:34 Castle Age
24:49 Hand Cart
24:38 Heavy Plow
24:35 Stone Mining
24:36 Gold Mining
24:59 Caravan
25:14 Bow Saw
32:21 Imperial Age
34:07 Two-Man Saw
35:12 Conscription
35:24 Guilds
38:44 Elite War Elephant
42:59 Kamandaran
43:12 Citadels
44:43 Squires
44:04 Pikeman
44:07 Elite Skirmisher
45:18 Parthian Tactics
44:16 Crossbowman
45:01 Thumb Ring
45:36 Halberdier
45:42 Heavy Cavalry Archer
73:25 Ballistics
72:55 Heated Shot
73:20 Masonry
73:06 Murder Holes
76:43 Architecture
89:35 Chemistry
89:19 Gambesons
89:26 Arson
89:52 Heavy Scorpion
Connection lost

Rejoining the realm…

Still unreachable

The connection could not be restored.

Session expired

The server has moved on; the page needs a fresh start.